| TOP OF THE 1ST |
|
San Francisco Giants batting - Pitching for Pittsburgh Pirates : RHP Dave Spriggs
|
|
Pitching: RHP Dave Spriggs
|
|
|
Batting: LHB Andy Bowman
|
0-0: SINGLE (Line Drive, 8LS, EV 108.1 MPH)
|
|
Batting: RHB Lucan Esini
|
0-0: Ball 1-0: Called Strike 1-1: Ball Andy Bowman steals 2nd base 2-1: Sac Bunt to 23 - play at first, batter OUT! 3-4 Andy Bowman to third
|
|
Batting: RHB Sean Zielinski
|
0-0: Ball 1-0: Foul Ball, location: 2F 1-1: Fly out, F7 (Flyball, 7D, EV 95.6 MPH) Runner from 3rd tags up, SCORES, no throw by LF
|
|
Batting: LHB Jack Henningar
|
0-0: Ball 1-0: Ball 2-0: Ball 3-0: Called Strike 3-1: Foul Ball, location: 2F 3-2: Strikes out looking
|
| Top of the 1st over - 1 run, 1 hit, 0 errors, 0 left on base; San Francisco 1 - Pittsburgh 0 |
| BOTTOM OF THE 1ST |
|
Pittsburgh Pirates batting - Pitching for San Francisco Giants : RHP Curt Howland
|
|
Pitching: RHP Curt Howland
|
|
|
Batting: RHB Chiel Palstermans
|
0-0: Swinging Strike 0-1: Ball 1-1: Ball 2-1: Ground out 5-3 (Groundball, 56, EV 105.0 MPH)
|
|
Batting: RHB David Contreras
|
0-0: Foul Ball, location: 2F 0-1: Ball 1-1: Foul Ball, location: 2F 1-2: Strikes out swinging
|
|
Batting: SHB Marvin McAleer
|
0-0: Ball 1-0: Ball 2-0: Called Strike 2-1: Ground out 4-3 (Groundball, 4M, EV 89.4 MPH)
|
| Bottom of the 1st over - 0 runs, 0 hits, 0 errors, 0 left on base; San Francisco 1 - Pittsburgh 0 |
| TOP OF THE 2ND |
|
San Francisco Giants batting - Pitching for Pittsburgh Pirates : RHP Dave Spriggs
|
|
Batting: LHB Carey Horncole
|
0-0: Foul Ball, location: 2F 0-1: Swinging Strike 0-2: Foul Ball, location: 2F 0-2: Strikes out swinging
|
|
Batting: SHB Ryan Doss
|
0-0: Called Strike 0-1: Ball 1-1: Ball 2-1: Called Strike 2-2: Strikes out swinging
|
|
Batting: RHB Nick Rigden
|
0-0: Ball 1-0: Ball 2-0: Called Strike 2-1: Foul Ball, location: 2F 2-2: DOUBLE (Flyball, 89XD, EV 101.2 MPH)
|
|
Batting: LHB Luis Magdaleno
|
0-0: Ball 1-0: Ball 2-0: Fly out, F9 (Flyball, 9D, EV 95.6 MPH)
|
| Top of the 2nd over - 0 runs, 1 hit, 0 errors, 1 left on base; San Francisco 1 - Pittsburgh 0 |
| BOTTOM OF THE 2ND |
|
Pittsburgh Pirates batting - Pitching for San Francisco Giants : RHP Curt Howland
|
|
Batting: LHB Brad Pepin
|
0-0: SINGLE (Line Drive, 89S, EV 96.2 MPH)
|
|
Batting: RHB Jorge Severiano
|
0-0: Ball 1-0: Ball 2-0: Foul Ball, location: 2F 2-1: Foul Ball, location: 2F 2-2: Strikes out swinging
|
|
Batting: LHB Micah Boshnjaku
|
0-0: Called Strike Brad Pepin is caught stealing 2nd base 2-6 0-1: Fly out, F5 (Popup, 5S, EV 82.5 MPH)
|
| Bottom of the 2nd over - 0 runs, 1 hit, 0 errors, 0 left on base; San Francisco 1 - Pittsburgh 0 |
| TOP OF THE 3RD |
|
San Francisco Giants batting - Pitching for Pittsburgh Pirates : RHP Dave Spriggs
|
|
Batting: SHB Bill Dooms
|
0-0: Ball 1-0: Swinging Strike 1-1: Swinging Strike 1-2: Foul Ball, location: 2F 1-2: Ball 2-2: Ball 3-2: Strikes out swinging, 2-3 out at first.
|
|
Batting: LHB Andy Bowman
|
0-0: Called Strike 0-1: Fly out, F8 (Line Drive, 8RM, EV 91.2 MPH)
|
|
Batting: RHB Lucan Esini
|
0-0: Ball 1-0: Ball 2-0: Called Strike 2-1: Ball 3-1: Base on Balls
|
|
Batting: RHB Sean Zielinski
|
0-0: Ball 1-0: Ball 2-0: Ball 3-0: Called Strike 3-1: Swinging Strike 3-2: Fly out, F8 (Flyball, 8LD, EV 95.6 MPH)
|
| Top of the 3rd over - 0 runs, 0 hits, 0 errors, 1 left on base; San Francisco 1 - Pittsburgh 0 |
| BOTTOM OF THE 3RD |
|
Pittsburgh Pirates batting - Pitching for San Francisco Giants : RHP Curt Howland
|
|
Batting: SHB Jack Andrews
|
0-0: Foul Ball, location: 2F 0-1: Ball 1-1: Ball 2-1: Called Strike 2-2: Ball 3-2: Foul Ball, location: 2F 3-2: Strikes out looking
|
|
Batting: LHB Xavier Pittman
|
0-0: Ball 1-0: Foul Ball, location: 2F 1-1: Called Strike 1-2: Ball 2-2: Ball 3-2: Foul Ball, location: 2F 3-2: Base on Balls
|
|
Batting: SHB Brad Day
|
0-0: SINGLE (Groundball, 25, EV 67.5 MPH) (infield hit) Xavier Pittman to second
|
|
Batting: RHB Chiel Palstermans
|
0-0: Swinging Strike 0-1: Ball 1-1: SINGLE (Line Drive, 4MD, EV 95.0 MPH) Xavier Pittman to third Brad Day to second
|
|
Batting: RHB David Contreras
|
0-0: Foul Ball, location: 2F 0-1: Ball 1-1: Ball 2-1: Called Strike 2-2: Strikes out swinging
|
|
Batting: SHB Marvin McAleer
|
0-0: Ball 1-0: Ball 2-0: Foul Ball, location: 2F 2-1: Ball 3-1: Called Strike 3-2: Foul Ball, location: 2F 3-2: Base on Balls Xavier Pittman scores Brad Day to third Chiel Palstermans to second
|
|
Batting: LHB Brad Pepin
|
0-0: Called Strike 0-1: Foul Ball, location: 2F 0-2: Hit by Pitch Brad Day scores Chiel Palstermans to third Marvin McAleer to second
|
|
Pinch Runner at 1st Chris Salim:
|
|
|
Batting: RHB Jorge Severiano
|
0-0: Ball 1-0: Fly out, F4 (Flyball, 6MD, EV 95.6 MPH)
|
| Bottom of the 3rd over - 2 runs, 2 hits, 0 errors, 3 left on base; San Francisco 1 - Pittsburgh 2 |
| TOP OF THE 4TH |
|
San Francisco Giants batting - Pitching for Pittsburgh Pirates : RHP Dave Spriggs
|
|
Now in RF: Jason Moss
|
|
|
Batting: LHB Jack Henningar
|
0-0: Called Strike 0-1: Ball 1-1: Foul Ball, location: 2F 1-2: Foul Ball, location: 2F 1-2: Ball 2-2: Foul Ball, location: 2F 2-2: Ball 3-2: Foul Ball, location: 2F 3-2: Ground out U3 (Groundball, 34S, EV 83.1 MPH)
|
|
Batting: LHB Carey Horncole
|
0-0: Ball 1-0: Foul Ball, location: 2F 1-1: DOUBLE (Flyball, 9LD, EV 104.4 MPH)
|
|
Batting: SHB Ryan Doss
|
0-0: Ball 1-0: Called Strike 1-1: Ball 2-1: Ball 3-1: Foul Ball, location: 2F 3-2: 2-RUN HOME RUN (Flyball, 7LD, EV 90.6 MPH), Distance : 350 ft
|
|
Batting: RHB Nick Rigden
|
0-0: Ground out 5-3 (Groundball, 5, EV 100.6 MPH)
|
|
Batting: LHB Luis Magdaleno
|
0-0: Swinging Strike 0-1: Swinging Strike 0-2: Foul Ball, location: 2F 0-2: Ball 1-2: Ball 2-2: Foul Ball, location: 2F 2-2: SINGLE (Flyball, 6MD, EV 96.9 MPH)
|
|
Batting: SHB Bill Dooms
|
0-0: Called Strike 0-1: Swinging Strike 0-2: Ball 1-2: Fly out, F4 (Line Drive, 4, EV 66.2 MPH)
|
| Top of the 4th over - 2 runs, 3 hits, 0 errors, 1 left on base; San Francisco 3 - Pittsburgh 2 |
| BOTTOM OF THE 4TH |
|
Pittsburgh Pirates batting - Pitching for San Francisco Giants : RHP Curt Howland
|
|
Batting: LHB Micah Boshnjaku
|
0-0: Foul Ball, location: 2F 0-1: Called Strike 0-2: Foul Ball, location: 2F 0-2: Ball 1-2: Strikes out swinging
|
|
Batting: SHB Jack Andrews
|
0-0: Ball 1-0: Ball 2-0: Swinging Strike 2-1: Swinging Strike 2-2: Strikes out looking
|
|
Batting: LHB Xavier Pittman
|
0-0: Called Strike 0-1: Swinging Strike 0-2: Ground out 4-3 (Groundball, 4, EV 86.2 MPH)
|
| Bottom of the 4th over - 0 runs, 0 hits, 0 errors, 0 left on base; San Francisco 3 - Pittsburgh 2 |
| TOP OF THE 5TH |
|
San Francisco Giants batting - Pitching for Pittsburgh Pirates : RHP Dave Spriggs
|
|
Batting: LHB Andy Bowman
|
0-0: Called Strike 0-1: Foul Ball, location: 2F 0-2: Ball 1-2: Ball 2-2: Foul Ball, location: 2F 2-2: Foul Ball, location: 2F 2-2: Foul Ball, location: 2F 2-2: Ball 3-2: Foul Ball, location: 2F 3-2: Base on Balls
|
|
Batting: RHB Lucan Esini
|
0-0: Ball 1-0: Called Strike 1-1: Foul Ball, location: 2F 1-2: Reached on error, E6 (Groundball, 6, EV 78.1 MPH) Andy Bowman to second
|
|
Batting: RHB Sean Zielinski
|
0-0: Called Strike 0-1: Ball 1-1: Ball 2-1: Foul Ball, location: 2F 2-2: Ball 3-2: Base on Balls Andy Bowman to third Lucan Esini to second
|
|
Pitching: RHP Josh Ambrose
|
|
|
Batting: LHB Jack Henningar
|
0-0: Called Strike 0-1: Foul Ball, location: 2F 0-2: Ball 1-2: Foul Ball, location: 2F 1-2: Ball 2-2: Ball 3-2: GRAND SLAM HOME RUN (Flyball, 89XD, EV 111.2 MPH), Distance : 439 ft
|
|
Batting: LHB Carey Horncole
|
0-0: Ball 1-0: Ball 2-0: Called Strike 2-1: Ground out 5-3 (Groundball, 56S, EV 68.8 MPH)
|
|
Batting: SHB Ryan Doss
|
0-0: Ball 1-0: Ball 2-0: Foul Ball, location: 2F 2-1: Ground out 4-3 (Groundball, 4, EV 100.6 MPH)
|
|
Batting: RHB Nick Rigden
|
0-0: Ball 1-0: Hit by Pitch
|
|
Batting: LHB Luis Magdaleno
|
0-0: Called Strike 0-1: Ball 1-1: Foul Ball, location: 2F 1-2: Ball 2-2: Strikes out looking
|
| Top of the 5th over - 4 runs, 1 hit, 1 error, 1 left on base; San Francisco 7 - Pittsburgh 2 |
| BOTTOM OF THE 5TH |
|
Pittsburgh Pirates batting - Pitching for San Francisco Giants : RHP Curt Howland
|
|
Batting: SHB Brad Day
|
0-0: Ball 1-0: Foul Ball, location: 2F 1-1: Ground out 4-3 (Groundball, 4, EV 98.8 MPH)
|
|
Batting: RHB Chiel Palstermans
|
0-0: Ball 1-0: Foul Ball, location: 2F 1-1: Ball 2-1: Ground out 5-3 (Groundball, 56, EV 106.2 MPH)
|
|
Batting: RHB David Contreras
|
0-0: Ball 1-0: Ball 2-0: Called Strike 2-1: Swinging Strike 2-2: Strikes out looking
|
| Bottom of the 5th over - 0 runs, 0 hits, 0 errors, 0 left on base; San Francisco 7 - Pittsburgh 2 |
| TOP OF THE 6TH |
|
San Francisco Giants batting - Pitching for Pittsburgh Pirates : RHP Josh Ambrose
|
|
Batting: SHB Bill Dooms
|
0-0: Ball 1-0: Foul Ball, location: 2F 1-1: Foul Ball, location: 2F 1-2: Strikes out swinging
|
|
Batting: LHB Andy Bowman
|
0-0: Called Strike 0-1: Fly out, F7 (Flyball, 78M, EV 85.0 MPH)
|
|
Batting: RHB Lucan Esini
|
0-0: Called Strike 0-1: Ball 1-1: Called Strike 1-2: Hit by Pitch
|
|
Batting: RHB Sean Zielinski
|
0-0: Foul Ball, location: 2F 0-1: Called Strike 0-2: Foul Ball, location: 2F 0-2: Ball 1-2: Ball 2-2: Strikes out swinging
|
| Top of the 6th over - 0 runs, 0 hits, 0 errors, 1 left on base; San Francisco 7 - Pittsburgh 2 |
| BOTTOM OF THE 6TH |
|
Pittsburgh Pirates batting - Pitching for San Francisco Giants : RHP Curt Howland
|
|
Batting: SHB Marvin McAleer
|
0-0: Called Strike 0-1: Swinging Strike 0-2: Strikes out swinging
|
|
Batting: RHB Jason Moss
|
0-0: Called Strike 0-1: Hit by Pitch
|
|
Pinch Runner at 1st Jerry Escamilla:
|
|
|
Batting: RHB Jorge Severiano
|
0-0: Called Strike 0-1: Swinging Strike 0-2: Ball 1-2: Ball 2-2: Foul Ball, location: 2F 2-2: Strikes out looking
|
|
Batting: LHB Micah Boshnjaku
|
0-0: Called Strike 0-1: Ball 1-1: Called Strike 1-2: Strikes out swinging
|
| Bottom of the 6th over - 0 runs, 0 hits, 0 errors, 1 left on base; San Francisco 7 - Pittsburgh 2 |
| TOP OF THE 7TH |
|
San Francisco Giants batting - Pitching for Pittsburgh Pirates : RHP Josh Ambrose
|
|
Now in RF: Jerry Escamilla
|
|
|
Batting: LHB Jack Henningar
|
0-0: Ball 1-0: SINGLE (Line Drive, 34, EV 98.1 MPH)
|
|
Batting: LHB Carey Horncole
|
0-0: Ball 1-0: Ball 2-0: Called Strike 2-1: Foul Ball, location: 2F 2-2: Foul Ball, location: 2F 2-2: Ball 3-2: Base on Balls Jack Henningar to second
|
|
Batting: SHB Ryan Doss
|
0-0: Ball 1-0: Called Strike 1-1: Sac Bunt to 2R - play at first, batter OUT! 2-3 Jack Henningar to third Carey Horncole to second
|
|
Pitching: RHP Rogelio Nunez
|
|
|
Batting: RHB Nick Rigden
|
0-0: SINGLE (Line Drive, 8RS, EV 101.2 MPH) Jack Henningar scores Carey Horncole to third Runner from 3rd tries for Home, throw by CF and OUT! 8-2 Nick Rigden to second
|
|
Batting: LHB Luis Magdaleno
|
0-0: Ground out 6-3 (Groundball, 6, EV 89.4 MPH)
|
| Top of the 7th over - 1 run, 2 hits, 0 errors, 1 left on base; San Francisco 8 - Pittsburgh 2 |
| BOTTOM OF THE 7TH |
|
Pittsburgh Pirates batting - Pitching for San Francisco Giants : RHP Curt Howland
|
|
Batting: SHB Jack Andrews
|
0-0: Swinging Strike 0-1: Swinging Strike 0-2: SINGLE (Line Drive, 78S, EV 112.5 MPH)
|
|
Batting: LHB Xavier Pittman
|
0-0: Foul Ball, location: 2F 0-1: Called Strike 0-2: Strikes out swinging
|
|
Batting: SHB Brad Day
|
0-0: Ball 1-0: Called Strike 1-1: Fielders Choice at 2nd, 6-4 (Groundball, 6, EV 85.0 MPH)
|
|
Batting: RHB Chiel Palstermans
|
0-0: Foul Ball, location: 2F 0-1: Ball 1-1: Called Strike 1-2: Ball 2-2: Ball 3-2: Fly out, F9 (Flyball, 9, EV 93.8 MPH)
|
| Bottom of the 7th over - 0 runs, 1 hit, 0 errors, 1 left on base; San Francisco 8 - Pittsburgh 2 |
| TOP OF THE 8TH |
|
San Francisco Giants batting - Pitching for Pittsburgh Pirates : RHP Rogelio Nunez
|
|
Batting: SHB Bill Dooms
|
0-0: Fly out, F9 (Flyball, 9, EV 99.4 MPH)
|
|
Batting: LHB Andy Bowman
|
0-0: Ball 1-0: Called Strike 1-1: Swinging Strike 1-2: Ball 2-2: SINGLE (Line Drive, 78M, EV 103.1 MPH)
|
|
Pitching: RHP Walt Quinn
|
|
|
Batting: RHB Lucan Esini
|
0-0: Ball 1-0: Ball 2-0: Called Strike 2-1: Foul Ball, location: 2F 2-2: Ball 3-2: Fly out, F9 (Flyball, 89D, EV 109.4 MPH)
|
|
Batting: RHB Sean Zielinski
|
0-0: Ball 1-0: Called Strike 1-1: Foul Ball, location: 2F 1-2: Ball 2-2: Strikes out swinging
|
| Top of the 8th over - 0 runs, 1 hit, 0 errors, 1 left on base; San Francisco 8 - Pittsburgh 2 |
| BOTTOM OF THE 8TH |
|
Pittsburgh Pirates batting - Pitching for San Francisco Giants : RHP Curt Howland
|
|
Batting: RHB David Contreras
|
0-0: Foul Ball, location: 2F 0-1: Ball 1-1: Ball 2-1: Foul Ball, location: 2F 2-2: Ball 3-2: Base on Balls
|
|
Pitching: RHP Alex Montes
|
|
|
Batting: SHB Marvin McAleer
|
0-0: Foul Ball, location: 2F 0-1: Foul Ball, location: 2F 0-2: Ball 1-2: Ball 2-2: Ball 3-2: Strikes out looking David Contreras steals 2nd base (no throw) Batter strikes out.
|
|
Batting: RHB Jerry Escamilla
|
0-0: Foul Ball, location: 2F 0-1: Ground out 5-3 (Groundball, 56S, EV 75.6 MPH) David Contreras to third
|
|
Batting: RHB Jorge Severiano
|
0-0: Foul Ball, location: 2F 0-1: Ball 1-1: Foul Ball, location: 2F 1-2: Ball 2-2: SINGLE (Line Drive, 89S, EV 89.4 MPH) David Contreras scores
|
|
Batting: LHB Micah Boshnjaku
|
0-0: Ball 1-0: Ball 2-0: Ball 3-0: Base on Balls Jorge Severiano to second
|
|
Batting: SHB Jack Andrews
|
0-0: Called Strike 0-1: Ball 1-1: Ball 2-1: Fly out, F9 (Line Drive, 89S, EV 88.1 MPH)
|
| Bottom of the 8th over - 1 run, 1 hit, 0 errors, 2 left on base; San Francisco 8 - Pittsburgh 3 |
| TOP OF THE 9TH |
|
San Francisco Giants batting - Pitching for Pittsburgh Pirates : RHP Walt Quinn
|
|
Batting: LHB Jack Henningar
|
0-0: SINGLE (Groundball, 25, EV 66.2 MPH) (infield hit)
|
|
Batting: LHB Carey Horncole
|
0-0: Called Strike 0-1: Ball 1-1: Foul Ball, location: 2F 1-2: Strikes out looking
|
|
Batting: SHB Ryan Doss
|
0-0: Called Strike 0-1: Called Strike 0-2: Ball 1-2: Fielders Choice at 2nd, 4-6 (Groundball, 4, EV 86.2 MPH)
|
|
Batting: RHB Nick Rigden
|
0-0: Ball 1-0: Swinging Strike 1-1: Swinging Strike 1-2: Strikes out swinging
|
| Top of the 9th over - 0 runs, 1 hit, 0 errors, 1 left on base; San Francisco 8 - Pittsburgh 3 |
| BOTTOM OF THE 9TH |
|
Pittsburgh Pirates batting - Pitching for San Francisco Giants : RHP Alex Montes
|
|
Batting: LHB Xavier Pittman
|
0-0: Ball 1-0: Foul Ball, location: 2F 1-1: Ball 2-1: DOUBLE (Groundball, 5L, EV 104.4 MPH)
|
|
Pitching: LHP Tyler Stancil
|
|
|
Batting: SHB Brad Day
|
0-0: Swinging Strike 0-1: Called Strike 0-2: Ball 1-2: Ball 2-2: Foul Ball, location: 2F 2-2: Strikes out swinging
|
|
Batting: RHB Chiel Palstermans
|
0-0: Fly out, F7 (Flyball, 7D, EV 103.1 MPH) Runner from 2nd tags up, SAFE at 3rd, no throw by LF
|
|
Batting: RHB David Contreras
|
0-0: Swinging Strike 0-1: Ball 1-1: Foul Ball, location: 2F 1-2: Ball 2-2: Ball 3-2: Foul Ball, location: 2F 3-2: Foul Ball, location: 2F 3-2: Fly out, F8 (Flyball, 8RS, EV 71.9 MPH)
|
| Bottom of the 9th over - 0 runs, 1 hit, 0 errors, 1 left on base; San Francisco 8 - Pittsburgh 3 |
|